 Dungeon Crawl Stone Soup version 0.21-a0-92-g7bf63f6 (webtiles) character file.

10539 MackTheKnife the Basher (level 11, -8/90 HPs)
             Began as a Demonspawn Wanderer on July 1, 2017.
             Was a High Priest of Okawaru.
             Mangled by a sixfirhy (12 damage)
             ... summoned by a kobold demonologist
             ... on level 11 of the Dungeon.
             The game lasted 00:16:21 (10860 turns).

MackTheKnife the Basher (Demonspawn Wanderer)      Turns: 10860, Time: 00:16:22

Health: -8/90      AC: -1    Str: 16    XL:     11   Next: 37%
Magic:  11/11      EV: 12    Int: 16    God:    Okawaru [*****.]
Gold:   520        SH:  0    Dex: 14    Spells: 10/10 levels left

rFire    + + .     SeeInvis .   a - +2 flail (drain)
rCold    + . .     Gourm    .   (no shield)
rNeg     + . .     Faith    .   j - +1 ring mail
rPois    .         Spirit   .   (helmet unavailable)
rElec    .         Reflect  .   (no cloak)
rCorr    .         Harm     .   s - +0 pair of gloves
MR       .....                  (no boots)
Stlth    +.........             e - amulet of magic regeneration
HPRegen  0.25/turn              g - ring of positive energy {rN+}
MPRegen  0.37/turn              B - ring of protection from fire {rF+, !d}

@: lethally poisoned (-8 -> -22), weakened, corroded
A: horns 3, slimy green scales 1, blurry vision 1, clever 1, cold resistance 1,
fire resistance 1, strong 1, flame cloud immunity
a: Heroism, Finesse, Renounce Religion


You were on level 11 of the Dungeon.
You worshipped Okawaru.
Okawaru was extremely pleased with you.
You were not hungry.

You visited 2 branches of the dungeon, and saw 12 of its levels.

You collected 580 gold pieces.
You spent 60 gold pieces at shops.

Inventory:

Hand Weapons
 a - a +2 flail of draining (weapon)
   (You took it off a gnoll on level 5 of the Dungeon)
Missiles
 r - a throwing net {=f, !d}
Armour
 j - a +1 ring mail (worn)
   (You took it off Terence on level 2 of the Dungeon)
 s - a +0 pair of gloves (worn)
   (You found it on level 5 of the Dungeon)
Jewellery
 e - an amulet of magic regeneration (around neck)
   (You found it on level 4 of the Dungeon)
 g - a ring of positive energy (left hand) {rN+}
   (You found it on level 7 of the Dungeon)
 B - a ring of protection from fire (right hand) {rF+, !d}
   (You found it on level 11 of the Dungeon)
Wands
 o - a wand of acid (4/15)
   (You found it on level 3 of the Dungeon)
 w - a wand of digging (13/24)
   (You found it on level 8 of the Dungeon)
 x - a wand of acid (12/15)
   (You found it on level 7 of the Dungeon)
Scrolls
 b - a scroll of fear
 c - 5 scrolls of teleportation
 h - a scroll of magic mapping {!r}
 l - 6 scrolls of remove curse
 t - a scroll of blinking {!r}
 u - a scroll of immolation {unknown}
 v - 2 scrolls of enchant weapon
Potions
 d - 6 potions of curing
 n - 2 potions of ambrosia
 p - a potion of berserk rage {!q}
 q - a potion of mutation {!q}
 z - a potion of magic
 A - a potion of flight {unknown}
Books
 y - a book of Air
   (You found it on level 8 of the Dungeon)
Comestibles
 f - 3 bread rations {@e1}
 i - 2 royal jellies
 k - 5 meat rations {@e2}
 m - 2 fruits


   Skills:
 - Level 10.0 Fighting
 + Level 12.5 Maces & Flails
   Level 1.0(8.2) Staves
 - Level 3.8 Armour
 - Level 4.0 Dodging
 - Level 1.7 Stealth
   Level 1.0 Shields
 - Level 1.0 Unarmed Combat
 - Level 1.0 Evocations


You had 10 spell levels left.
You didn't know any spells.

Dungeon Overview and Level Annotations

Branches:
Dungeon (11/15)            Temple (1/1) D:4            Lair (0/6) D:11
    Orc (0/2) D:11

Altars:
Cheibriados
Dithmenos
Elyvilon
Gozag
Hepliaklqana
Kikubaaqudgha
Makhleb
Nemelex Xobeh
Okawaru
Qazlal
Ru
Trog
Vehumet
Wu Jian
Xom
Yredelemnul
Zin
The Shining One

Shops:
D:4 *   D:6 %%!=}   D:10 *


Innate Abilities, Weirdness & Mutations

You have a pair of large horns on your head.
You are partially covered in slimy green scales. (AC +2)
Your flesh is heat resistant. (rF+)
You are immune to clouds of flame.
Scrolls take you a little longer to read.
Your mind is acute. (Int +2)
Your flesh is cold resistant. (rC+)
Your muscles are strong. (Str +2)


Message History

You sock the centaur! You drain the centaur!
You kill the centaur!
Okawaru accepts your kill.
You can now speed up your combat.
Okawaru will gift you equipment as your piety grows.
The centaur barely misses you. The centaur closely misses you.
The centaur hits you but does no damage.
You hit the centaur. You punch the centaur. The centaur hits you!
The centaur hits you.
You take 14 damage, and have 37/90 hp.
You sock the centaur! You drain the centaur!
You kill the centaur!
Okawaru accepts your kill.
The centaur hits you but does no damage.
The centaur hits you but does no damage.
Items here: $ ( ) † an uncursed shortbow; 24 arrows; 24 gold pieces; a centaur corpse You sock the centaur!
You drain the centaur! Your headbutt misses the centaur.
The centaur hits you but does no damage.
You sock the centaur!
You kill the centaur!
Okawaru accepts your kill.
Things that are here:
an uncursed shortbow; 4 arrows You start resting.
You regained 13 hp, and now have 51/90 hp.
A hell hound is nearby!
You start resting.
The hell hound barks!
The hell hound misses you.
You sock the hell hound! The hell hound misses you.
You sock the hell hound!
The hell hound bites you but does no damage.
You hit the hell hound. Your headbutt misses the hell hound.
The hell hound breathes flames at you. The blast of flame misses you.
You barely miss the hell hound. You headbutt the hell hound.
You kill the hell hound!
Okawaru accepts your kill.
You start resting.
A big kobold comes into view. It is wielding a short sword.
You regained 6 hp, and now have 59/90 hp.
A kobold demonologist comes into view. It is wielding a dagger.
The kobold demonologist shouts!
The kobold demonologist looks satisfied for a moment.
The kobold demonologist gestures wildly while chanting.
A kobold and a big kobold come into view.
The big kobold shouts!
The big kobold shouts!
The kobold demonologist mumbles some strange words.
Items here: ( ))) ††† The kobold shouts!
Things that are here:
a dagger; a big kobold corpse You closely miss the big kobold.
The big kobold closely misses you.
You hit the big kobold. The big kobold completely misses you.
You barely miss the big kobold. Your headbutt misses the big kobold.
The orange demon stings you but does no damage.
The big kobold hits you but does no damage.
You sock the big kobold! You drain the big kobold!
The rust devil barely misses you.
The orange demon stings you but does no damage.
You fail to use your ability.
The big kobold hits you with a short sword.
The rust devil hits you. The rust devil corrodes you!
The orange demon stings you from afar.
You take 4 damage, and have 58/90 hp.
You sock the big kobold! You drain the big kobold!
You kill the big kobold!
Okawaru accepts your kill. The rust devil closely misses you.
The orange demon stings you from afar.
You take 3 damage, and have 55/90 hp.
The rust devil hits you! The rust devil corrodes you!
The orange demon barely misses you. The orange demon hits you.
You feel your attacks grow feeble.
You see here a short sword.
You take 13 damage, and have 42/90 hp.
You fail to use your ability.
The rust devil hits you! The rust devil corrodes you!
The kobold demonologist mumbles some strange words.
The orange demon stings you!
* * * LOW HITPOINT WARNING * * *
You are poisoned.
The orange demon poisons you! The orange demon hits you!
* * * LOW HITPOINT WARNING * * *
A kobold demonologist comes into view. It is wielding a dagger.
You take 29 damage, and have 13/90 hp.
MASSIVE DAMAGE!!
Unknown command.
Okay, then.
Really read with blurry vision while enemies are nearby?
Okay, then.
Unknown command.
Unknown command.
Really read with blurry vision while enemies are nearby?
* * * LOW HITPOINT WARNING * * *
You feel sick. The sixfirhy hits you!
* * * LOW HITPOINT WARNING * * *
The sixfirhy shocks you!
You die...

#........# #... #........# ...#
+.. '... #........#....# #...
#... ........#....# #...##..#
..##...#....#
#...#...########.##...#....#
#.......#......#.##....>...#
#.....†h#...4..#......†....#
#(......#...@3.#.....††....+
#....((.#####4##....<.#....# .
#...#(....+.)K#'#####.#....#
#'###...(.####..#K)...........##
.......(..†.....#.............#
..............(.#.............#
......)))......+..†....(......#
...##)......#...K.K..##+##+####
.. #.'..####....(..(#


You could see an orange demon, a rust devil, 2 kobold demonologists, a sixfirhy
and a kobold.

Vanquished Creatures
  A two-headed ogre (D:10)
  Pikel (D:4)
  Psyche (D:8)
  A kobold demonologist (D:11)
  A hornet (D:9)
  Grinder (D:5)
  2 hippogriffs
  Sigmund (D:3)
  A wyvern (D:8)
  A wraith (D:11)
  3 yaks (D:9)
  2 hungry ghosts
  2 vampire mosquitoes (D:9)
  2 hell hounds (D:11)
  A black bear (D:11)
  6 ice beasts
  A sky beast (D:5)
  4 orc warriors
  12 ogres
  A phantom (D:4)
  10 centaurs
  A crocodile (D:9)
  10 big kobolds (D:11)
  12 bullfrogs
  A gnoll sergeant (D:9)
  A water moccasin zombie (D:5)
  A scorpion (D:4)
  A wyvern skeleton (D:8)
  8 killer bees
  2 howler monkeys (D:5)
  A crimson imp (D:11)
  A bullfrog zombie (D:5)
  2 jellies
  A quasit (D:5)
  6 orc priests
  A centaur skeleton (D:7)
  11 orc wizards
  2 gnoll shamans
  A hound (D:10)
  Terence (D:2)
  2 iguanas
  2 worker ants
  A killer bee zombie (D:9)
  A hound skeleton (D:7)
  2 worker ant zombies
  18 gnolls
  16 adders
  5 shadow imps
  2 oozes
  2 adder skeletons
  A worm (D:5)
  A dart slug (D:3)
  2 leopard geckos
  22 orcs
  4 bats
  17 giant cockroaches
  6 goblins
  9 hobgoblins
  6 jackals
  8 kobolds
  3 quokkas
  3 ball pythons
  6 frilled lizards
  A jackal skeleton (D:6)
  A quokka skeleton (D:4)
  A quokka zombie (D:8)
  4 rats
265 creatures vanquished.

Vanquished Creatures (others)
  A human (D:10)
1 creature vanquished.

Grand Total: 266 creatures vanquished

Notes
Turn   | Place    | Note
-------+----------+-------------------------------------------
     0 | D:1      | MackTheKnife the Demonspawn Wanderer began the quest for the Orb.
     0 | D:1      | MackTheKnife set off with: a +2 dagger, a scroll of fear, a scroll of teleportation, a potion of curing, a +0 robe, a bread ration {@e1}
     0 | D:1      | Reached XP level 1. HP: 18/18 MP: 1/1
   224 | D:1      | Gained mutation: Your flesh is heat resistant. (rF+) [demonic ancestry]
   224 | D:1      | Reached XP level 2. HP: 24/24 MP: 2/2
   855 | D:2      | Reached skill level 4 in Fighting
   898 | D:2      | Reached XP level 3. HP: 14/30 MP: 3/3
  1206 | D:2      | Noticed Terence
  1557 | D:2      | Killed Terence
  1629 | D:2      | Gained mutation: You are immune to clouds of flame. [demonic ancestry]
  1629 | D:2      | Reached XP level 4. HP: 34/38 MP: 4/4
  1777 | D:2      | Found a stormy altar of Qazlal.
  1778 | D:2      | Noticed an earth elemental
  1780 | D:2      | Noticed a fire elemental
  1780 | D:2      | Noticed a water elemental
  1780 | D:2      | Noticed an air elemental
  1819 | D:2      | Reached skill level 5 in Fighting
  2241 | D:3      | Noticed Sigmund
  2248 | D:3      | Killed Sigmund
  2248 | D:3      | Reached skill level 6 in Fighting
  2248 | D:3      | Gained mutation: You have a pair of small horns on your head. [demonic ancestry]
  2248 | D:3      | Reached XP level 5. HP: 47/47 MP: 5/5
  2248 | D:3      | Gained mutation: You are partially covered in slimy green scales. (AC +2) [demonic ancestry]
  2248 | D:3      | Reached XP level 6. HP: 53/53 MP: 6/6
  2740 | D:3      | Reached skill level 7 in Fighting
  3092 | D:4      | Found a shimmering altar of Xom.
  3202 | D:4      | Found Saocvawnie's General Store.
  3227 | D:4      | Bought a potion of berserk rage for 60 gold pieces
  3240 | D:4      | HP: 13/56 [phantom (8)]
  3509 | D:4      | Reached skill level 8 in Fighting
  3509 | D:4      | Reached XP level 7. HP: 53/62 MP: 7/7
  3821 | D:4      | Found a staircase to the Ecumenical Temple.
  3830 | Temple   | Entered the Ecumenical Temple
  3923 | Temple   | Became a worshipper of Warmaster Okawaru
  3989 | D:4      | Noticed Pikel
  4010 | D:4      | Killed Pikel
  4010 | D:4      | Reached * piety under Okawaru
  4010 | D:4      | Reached skill level 10 in Fighting
  4010 | D:4      | Reached XP level 8. HP: 50/72 MP: 8/8
  4242 | D:5      | Entered Level 5 of the Dungeon
  4253 | D:5      | Found an ornate altar of the Wu Jian Council.
  4578 | D:5      | Reached skill level 1 in Armour
  4700 | D:5      | Reached skill level 2 in Dodging
  4711 | D:5      | Found a sparkling altar of Nemelex Xobeh.
  4721 | D:5      | Reached skill level 2 in Armour
  4841 | D:5      | Reached skill level 3 in Dodging
  5039 | D:5      | Noticed Grinder
  5045 | D:5      | Paralysed by Grinder for 6 turns
  5053 | D:5      | Killed Grinder
  5053 | D:5      | Reached ** piety under Okawaru
  5053 | D:5      | Reached skill level 3 in Armour
  5091 | D:5      | Reached skill level 4 in Dodging
  5152 | D:5      | Reached skill level 1 in Maces & Flails
  5430 | D:5      | Reached skill level 2 in Maces & Flails
  5430 | D:5      | Gained mutation: You have a pair of horns on your head. [demonic ancestry]
  5430 | D:5      | Reached XP level 9. HP: 76/78 MP: 9/9
  5748 | D:5      | Found a white marble altar of Elyvilon.
  5921 | D:6      | Found Hicwular's Food Boutique.
  5949 | D:6      | Reached skill level 3 in Maces & Flails
  5992 | D:6      | Reached skill level 4 in Maces & Flails
  6106 | D:6      | Found Puynut's Jewellery Boutique.
  6166 | D:6      | Found Gell's Distillery.
  6199 | D:6      | Found Lusepum's Food Shoppe.
  6332 | D:6      | Found Vowayguibu's Gadget Emporium.
  6389 | D:6      | Reached skill level 5 in Maces & Flails
  6483 | D:7      | Gained mutation: Scrolls take you a little longer to read. [potion of mutation]
  6483 | D:7      | Gained mutation: Your flesh is cold resistant. (rC+) [potion of mutation]
  6483 | D:7      | Gained mutation: Your muscles are strong. (Str +2) [potion of mutation]
  6483 | D:7      | Gained mutation: Your mind is acute. (Int +2) [potion of mutation]
  6502 | D:7      | Got an iridescent dagger
  6505 | D:7      | Identified the +9 dagger of Kismet {pierce, rPois Str+3 Dex-5 Stlth+} (You found it on level 7 of the Dungeon)
  6543 | D:7      | Found an opulent altar of Gozag.
  6602 | D:7      | You fall through a shaft for 2 floors!
  6671 | D:9      | Reached *** piety under Okawaru
  6671 | D:9      | Reached skill level 6 in Maces & Flails
  6880 | D:9      | Reached skill level 7 in Maces & Flails
  7003 | D:9      | Reached **** piety under Okawaru
  7003 | D:9      | Reached skill level 8 in Maces & Flails
  7003 | D:9      | Reached XP level 10. HP: 73/85 MP: 10/10
  7255 | D:9      | Reached skill level 9 in Maces & Flails
  7416 | D:9      | Found a sparkling altar of Nemelex Xobeh.
  7714 | D:8      | Received a gift from Okawaru
  7739 | D:8      | Noticed Psyche
  7750 | D:8      | Killed Psyche
  7781 | D:8      | Reached skill level 10 in Maces & Flails
  8455 | D:8      | Reached skill level 11 in Maces & Flails
  8473 | D:8      | Found a hazy altar of Hepliaklqana.
  9320 | D:10     | Entered Level 10 of the Dungeon
  9455 | D:10     | Found Qakoen's Assorted Antiques.
  9721 | D:10     | Noticed a two-headed ogre
  9737 | D:10     | Killed a two-headed ogre
  9737 | D:10     | Gained mutation: You have a pair of large horns on your head. [demonic ancestry]
  9737 | D:10     | Reached XP level 11. HP: 26/90 MP: 8/11
  9998 | D:10     | Found an ancient bone altar of Kikubaaqudgha.
 10542 | D:11     | Found a staircase to the Lair.
 10608 | D:11     | Found a staircase to the Orcish Mines.
 10649 | D:11     | Reached skill level 12 in Maces & Flails
 10750 | D:11     | Reached ***** piety under Okawaru
 10859 | D:11     | HP: 21/90 [orange demon[a kobold demonologist] (14)]
 10860 | D:11     | Noticed a sixfirhy
 10860 | D:11     | HP: 4/90 [sixfirhy[a kobold demonologist] (8)]
 10860 | D:11     | Mangled by a sixfirhy

Vault maps used:
D:1:      dpeg_arrival_signposts
D:2:      nicolae_qazlal_style_of_elements, uniq_terence
D:3:      minmay_roachtagon, uniq_sigmund
D:4:      minmay_temple_entry_glassed_door, serial_shops, nicolae_shop_crystal,
          serial_co_window_serial, co_window_paths_a, co_window_corner_a,
          co_window_paths_a, co_window_of_opportunity_a, co_window_paths_a,
          co_window_of_opportunity_a, co_window_paths_a, co_window_corner_ca,
          co_window_corner_b, co_window_corner_cb, co_window_2corner,
          co_window_broadway_a, glass_columns_b, glass_columns_a,
          glass_columns_c, glass_columns_c, xom_teletrap_fun, uniq_pikel
D:5:      grunt_temple_overflow_open, first_bread,
          nemelex_xobeh_ov_fountains_minmay, uniq_grinder
D:6:      serial_shops, nicolae_shop_waterfront, nicolae_shop_trees,
          nicolae_shop_crystal, shop_fountains, shop, hangedman_decor_riveting
D:7:      grunt_ogre_cave, lemuel_tele_altar
D:8:      kennysheep_mini_moat, kennysheep_generic_room_13, uniq_psyche
D:9:      statuecave_lemuel, nemelex_lonely_heart_becter
D:10:     serial_shops, nicolae_shop_waterfront, minmay_misc_feat_diagonals,
          tgw_kikubaaqudgha
D:11:     minmay_lair_entry_lava, orc_0_dummy, special_room
Temple:   hc_temple_tempest_star

Skill      XL: |  1  2  3  4  5  6  7  8  9 10 11 |
---------------+----------------------------------+-----
Fighting       | 4 6 8 10 | 10.0
Armour         | 3 |  3.8
Dodging        | 4 |  4.0
Maces & Flails | 2 8 11 12 | 12.5
Staves         | |  1.0
Stealth        | |  1.7
Shields        | |  1.0
Unarmed Combat | |  1.0
Evocations     | |  1.0

Action                   |  1- 3 |  4- 6 |  7- 9 | 10-12 || total
-------------------------+-------+-------+-------+-------++-------
Melee: Dagger            |   126 |   157 |    17 |       ||   300
       Unarmed           |     4 |       |       |       ||     4
       Scythe            |       |    12 |   142 |       ||   154
       Headbutt          |       |     7 |    49 |    70 ||   126
       Flail             |       |       |   186 |   393 ||   579
       Punch             |       |       |     2 |     4 ||     6
Invok: Heroism           |       |       |     5 |    14 ||    19
Evoke: Wand              |       |       |     2 |       ||     2
  Use: Scroll            |     1 |     3 |     4 |     4 ||    12
       Potion            |     3 |     2 |     3 |       ||     8
 Stab: Sleeping          |     3 |     2 |     1 |     2 ||     8
  Eat: Chunk             |     2 |     5 |     4 |    12 ||    23
       Fruit             |       |       |     2 |       ||     2
       Bread ration      |       |       |     3 |     3 ||     6
Armor: Robe              |    14 |       |       |       ||    14
       Skin              |    11 |       |       |       ||    11
       Ring mail         |       |    64 |   299 |   162 ||   525
Dodge: Dodged            |    58 |    75 |   348 |   268 ||   749

Vault maps used:
D:1:      dpeg_arrival_signposts
D:2:      nicolae_qazlal_style_of_elements, uniq_terence
D:3:      minmay_roachtagon, uniq_sigmund
D:4:      minmay_temple_entry_glassed_door, serial_shops, nicolae_shop_crystal,
          serial_co_window_serial, co_window_paths_a, co_window_corner_a,
          co_window_paths_a, co_window_of_opportunity_a, co_window_paths_a,
          co_window_of_opportunity_a, co_window_paths_a, co_window_corner_ca,
          co_window_corner_b, co_window_corner_cb, co_window_2corner,
          co_window_broadway_a, glass_columns_b, glass_columns_a,
          glass_columns_c, glass_columns_c, xom_teletrap_fun, uniq_pikel
D:5:      grunt_temple_overflow_open, first_bread,
          nemelex_xobeh_ov_fountains_minmay, uniq_grinder
D:6:      serial_shops, nicolae_shop_waterfront, nicolae_shop_trees,
          nicolae_shop_crystal, shop_fountains, shop, hangedman_decor_riveting
D:7:      grunt_ogre_cave, lemuel_tele_altar
D:8:      kennysheep_mini_moat, kennysheep_generic_room_13, uniq_psyche
D:9:      statuecave_lemuel, nemelex_lonely_heart_becter
D:10:     serial_shops, nicolae_shop_waterfront, minmay_misc_feat_diagonals,
          tgw_kikubaaqudgha
D:11:     minmay_lair_entry_lava, orc_0_dummy, special_room
Temple:   hc_temple_tempest_star

Table legend:
 A = Turns spent in this place as a percentage of turns spent in the entire game.
 B = Non-inter-level travel turns spent in this place as a percentage of non-inter-level travel turns spent in the entire game.
 C = Inter-level travel turns spent in this place as a percentage of turns spent in this place.
 D = Turns resting spent in this place as a percentage of non-inter-level travel turns spent in this place.
 E = Turns spent auto-exploring this place as a percentage of non-inter-level travel turns spent in this place.
 F = Non-inter-level travel turns spent in this place divided by the number of levels of this place that you've seen.
                   A       B       C       D       E      F
               +-------+-------+-------+-------+-------+----------------------
         Total | 100.0 | 100.0 |   0.5 |   2.9 |  11.2 | 230.9
       Dungeon |  99.1 |  99.1 |   0.5 |   2.9 |  10.9 | 249.7
        Temple |   0.9 |   0.9 |   4.0 |   0.0 |  41.7 |  24.0
               +-------+-------+-------+-------+-------+----------------------

Table legend:
 A = Kills in this place as a percentage of kills in entire the game.
 B = Kills by you in this place as a percentage of kills by you in the entire game.
 C = Kills by friends in this place as a percentage of kills by friends in the entire game.
 D = Other kills in this place as a percentage of other kills in the entire game.
 E = Experience gained in this place as a percentage of experience gained in the entire game.
 F = Experience gained in this place divided by the number of levels of this place that you have seen.
                   A       B       C       D       E      F
               +-------+-------+-------+-------+-------+----------------------
         Total | 100.0 | 100.0 |  -nan |  -nan | 100.0 | 1254.7
       Dungeon | 100.0 | 100.0 |  -nan |  -nan | 100.0 | 1368.7
               +-------+-------+-------+-------+-------+----------------------
